 Dungeon Crawl Stone Soup version 0.26-a0-466-g989023bd0d (webtiles) character file.

Game seed: 9949124151008417181

63361 HoaS the Wrestler (level 15, -4/76 HPs)
             Began as a Gargoyle Gladiator on Aug 2, 2020.
             Was the Champion of Makhleb.
             Shot with a bolt by Saint Roka (15 damage)
             ... on level 2 of the Orcish Mines.
             The game lasted 00:52:33 (17333 turns).

HoaS the Wrestler (Gargoyle Gladiator)             Turns: 17333, Time: 00:52:33

Health: -4/76      AC: 29    Str: 24    XL:     15   Next: 9%
Magic:  15/15      EV:  7    Int:  9    God:    Makhleb [******]
Gold:   2824       SH:  5    Dex: 11    Spells: 14/14 levels left

rFire    . . .     SeeInvis .     - Unarmed
rCold    . . .     Faith    .   (no shield)
rNeg     + . .     Spirit   .   s - +0 plate armour
rPois    ∞         Reflect  +   b - +1 helmet
rElec    +         Harm     .   H - +1 cloak
rCorr    .                      w - +1 pair of gloves
MR       +++..                  d - +1 pair of boots
Stlth    ..........             N - amulet of reflection
HPRegen  0.22/turn              G - ring of protection from magic
MPRegen  0.14/turn              t - ring of protection from magic

@: marked, flying, hasted, very quick
A: big wings, negative energy resistance 1, electricity resistance, unbreathing,
petrification resistance, rot immunity, AC +11
a: Stop Flying, Minor Destruction, Lesser Servant of Makhleb, Major Destruction,
Greater Servant of Makhleb, Renounce Religion


You were on level 2 of the Orcish Mines.
You worshipped Makhleb.
Makhleb was exalted by your worship.
You visited 4 branches of the dungeon, and saw 21 of its levels.
You also visited: Ice Cave.

You collected 2824 gold pieces.

Inventory:

Missiles
 c - 3 throwing nets (quivered)
 i - 2 silver javelins
 j - 93 poisoned darts
 J - 23 boomerangs
 Q - 3 javelins
 T - 8 curare-tipped darts
Armour
 b - a +1 helmet (worn)
 d - a +1 pair of boots (worn)
 s - a +0 plate armour (worn)
 w - a +1 pair of gloves (worn)
 H - a +1 cloak (worn)
Jewellery
 a - an uncursed ring of resist corrosion
 k - an uncursed ring of see invisible
 p - a +6 ring of dexterity
 t - a ring of protection from magic (right hand)
 v - an uncursed ring of positive energy
 A - an uncursed ring of fire
 G - a ring of protection from magic (left hand)
 M - an uncursed ring of protection from magic
 N - an amulet of reflection (around neck)
Wands
 o - a wand of paralysis (12)
 r - a wand of acid (27)
 y - a wand of random effects (47)
 B - a wand of enslavement (16)
 F - a wand of iceblast (27)
 K - a wand of flame (70)
 L - a wand of clouds (11)
 U - a wand of disintegration (16)
 V - a wand of polymorph (27)
Scrolls
 m - 8 scrolls of teleportation
 n - 4 scrolls of remove curse
 q - 3 scrolls of blinking
 C - 2 scrolls of fog
 E - 5 scrolls of fear
 I - 2 scrolls of magic mapping
 S - a scroll of identify
 W - a scroll of summoning
Potions
 e - 2 potions of cancellation
 f - 3 potions of mutation
 g - 10 potions of curing
 h - a potion of haste
 l - 3 potions of might
 u - 2 potions of berserk rage
 x - 2 potions of heal wounds
 z - 6 potions of lignification
 D - a potion of brilliance {unknown}
 O - 10 potions of ambrosia


   Skills:
 - Level 2.1 Fighting
 - Level 1.7 Throwing
 - Level 3.6 Dodging
 * Level 23.1 Unarmed Combat


You had 14 spell levels left.
You didn't know any spells.
Your spell library contained the following spells:

 Spells                   Type           Power        Failure   Level
 Corona                   Hex            #......      100%        1
 Foxfire                  Conj/Fire      #...         100%        1
 Corpse Rot               Necr/Air       N/A          100%        2
 Ensorcelled Hibernation  Hex/Ice        #.....       100%        2
 Swiftness                Air            #.......     100%        2
 Confusing Touch          Hex            #.......     100%        3
 Conjure Flame            Conj/Fire      #.......     100%        3
 Dazzling Flash           Conj/Hex       #.....       100%        3
 Gell's Gravitas          Tloc           #.........   100%        3
 Inner Flame              Hex/Fire       #.......     100%        3
 Mephitic Cloud           Conj/Pois/Air  #.......     100%        3
 Stone Arrow              Conj/Erth      #.....       100%        3
 Tukima's Dance           Hex            #.......     100%        3
 Petrify                  Tmut/Erth      #.......     100%        4
 Sticky Flame             Conj/Fire      #.......     100%        4
 Fireball                 Conj/Fire      #.........   100%        5
 Metabolic Englaciation   Hex/Ice        #.........   100%        5
 Yara's Violent Unravell  Hex/Tmut       #.........   100%        5


Dungeon Overview and Level Annotations

Branches:
Dungeon (12/15)            Temple (1/1) D:4            Lair (6/6) D:9
  Swamp (0/4) Lair:2       Spider (0/4) Lair:3        Slime (0/5) Lair:5
    Orc (2/2) D:12          IceCv (visited)
    Elf: Orc:2

Altars:
Ashenzari
Cheibriados
Dithmenos
Elyvilon
Fedhas
Gozag
Hepliaklqana
Kikubaaqudgha
Makhleb
Nemelex Xobeh
Okawaru
Qazlal
Ru
Sif Muna
Trog
Uskayaw
Vehumet
Wu Jian
Xom
Yredelemnul
Zin
The Shining One
Beogh
Jiyva

Shops:
D:4 }   D:5 (   Orc:1 }

Annotations:
Lair:2 exclusion: 4 oklob plants
Orc:1 3 runed translucent doors, SatoMori's ghost, journeyman DECj
Orc:2 Saint Roka


Innate Abilities, Weirdness & Mutations

You are resistant to torment.
Your stone body is resilient. (AC +11)
You are immune to poison.
Your large and strong wings let you fly indefinitely.
You resist negative energy. (rN+)
You are resistant to electric shocks. (rElec)
You can survive without breathing.
You are immune to petrification.
You are immune to rotting.


Message History

You feel yourself speed up.
Saint Roka mumbles some strange prayers to Beogh against you.
Beogh smites you!
* * * LOW HITPOINT WARNING * * *
The orc closely misses you. Something hits you but does no damage.
Saint Roka unwields a +1 great sword of holy wrath.
It stops glowing.
Saint Roka wields a +0 arbalest.
Saint Roka shoots a bolt.
You reflect the bolt off an invisible shield around you!
The bolt closely misses the orc.
The bolt hits Saint Roka!!
The orc hits you.
* * * LOW HITPOINT WARNING * * *
Something hits you but does no damage.
Items here: )) [ †.
An ogre comes into view. It is wielding a +0 giant club.
Saint Roka cries, "Beogh give me strength!"
An ogre comes into view. It is wielding a +0 giant club.
You see here a +0 giant spiked club.
An ogre comes into view. It is wielding a +0 giant club.
An ogre mage comes into view. It is wielding a -1 spear.
Saint Roka shoots a bolt.
The bolt hits you!
You die...

#................#
##......)))......#
#.......)<....OO#.
#.#....).........
#.........OO....
##............<.
...##............#.#
.....$...............
...........@........
.....$....$.........
......$....o....#..
.#........))o....#.
#........))......#
#..........(.#....
.#.......$....##..
.............# #.
.............#


You could see Saint Roka (fast), an ogre mage, 3 ogres and an orc (strong).

Vanquished Creatures
  Gastronok (Lair:3)
  A fire dragon (Lair:6)
  Erolcha (D:9)
  5 hydras
  Harold (Orc:1)
  A centaur warrior (D:12)
  Erica (D:10)
  4 two-headed ogres
  6 death yaks (Lair:6)
  2 orc high priests
  Sonja (Lair:4)
  A swamp dragon (Lair:6)
  An orc knight (D:11)
  2 ugly things
  A manticore (Lair:4)
  6 black mambas
  20 elephants
  8 cane toads
  A kobold demonologist (D:12)
  8 rime drakes
  4 komodo dragons
  A queen bee (Lair:1)
  A jumping spider (Lair:3)
  A troll (Orc:1)
  3 hornets
  7 blink frogs
  2 bog bodies (Lair:2)
  15 hippogriffs
  A shadow (D:12)
  A vampire (D:11)
  A redback (Lair:3)
  6 wyverns (Lair:4)
  Grum (D:7)
  43 yaks
  11 basilisks
  A steam dragon (Lair:6)
  Edmund (D:5)
  A warg (Orc:2)
  An acid dragon (Lair:6)
  16 water moccasins
  11 porcupines
  20 orc warriors
  2 swamp drakes (Lair:6)
  2 black bears
  2 sky beasts
  10 ice beasts
  8 centaurs
  5 ogres
  A phantom (D:2)
  23 wolves
  10 crocodiles
  3 big kobolds
  A wyvern zombie (D:8)
  14 bullfrogs
  2 scorpions (D:8)
  34 killer bees
  4 wights (D:10)
  A howler monkey (D:4)
  2 electric eels (Lair:2)
  2 bullfrog zombies
  2 centaur zombies
  2 quasits
  5 hounds
  2 bullfrog skeletons
  10 orc priests
  A jelly (D:11)
  15 orc wizards
  6 iguanas
  11 worker ants
  2 hell rats (Lair:2)
  A hound zombie (D:6)
  2 hound skeletons
  A howler monkey zombie (D:5)
  3 worker ant zombies
  A howler monkey skeleton (D:7)
  18 adders
  14 gnolls
  5 river rats (Lair:2)
  4 shadow imps
  A white imp (D:6)
  An ufetubus (D:7)
  2 adder zombies
  An adder skeleton (D:9)
  6 worms
  3 leopard geckos
  75 orcs
  3 ball pythons
  8 giant cockroaches
  6 goblins
  11 hobgoblins
  15 jackals
  20 kobolds
  6 quokkas
  7 bats
  7 frilled lizards
  A jackal zombie (D:5)
  A leopard gecko zombie (D:5)
  A quokka skeleton (D:4)
  6 rats
  A bush (Lair:5)
  3 plants
637 creatures vanquished.

Vanquished Creatures (collateral kills)
  A water moccasin (Lair:3)
1 creature vanquished.

Vanquished Creatures (others)
  An orc wizard (D:9)
  9 fungi
  11 plants
21 creatures vanquished.

Grand Total: 659 creatures vanquished

Notes
Turn   | Place    | Note
-------+----------+-------------------------------------------
     0 | D:1      | HoaS the Gargoyle Gladiator began the quest for the Orb.
     0 | D:1      | Reached XP level 1. HP: 12/12 MP: 1/1
   175 | D:1      | Reached XP level 2. HP: 17/17 MP: 2/2
   341 | D:1      | Reached skill level 4 in Unarmed Combat
   367 | D:1      | Reached XP level 3. HP: 20/21 MP: 3/3
   810 | D:2      | Reached XP level 4. HP: 26/26 MP: 4/4
   880 | D:2      | Reached skill level 5 in Unarmed Combat
  1047 | D:2      | Reached XP level 5. HP: 24/30 MP: 5/5
  1158 | D:2      | Found an opulent altar of Gozag.
  1196 | D:2      | Noticed a phantom
  1254 | D:2      | Killed a phantom
  1254 | D:2      | Reached skill level 6 in Unarmed Combat
  1254 | D:2      | Reached XP level 6. HP: 11/35 MP: 6/6
  2318 | D:3      | Reached skill level 7 in Unarmed Combat
  3087 | D:4      | Found Boekogig's Gadget Shoppe.
  3210 | D:4      | Reached XP level 7. HP: 35/40 MP: 5/7
  3222 | D:4      | Found a staircase to the Ecumenical Temple.
  3240 | D:4      | Reached skill level 8 in Unarmed Combat
  3244 | Temple   | Entered the Ecumenical Temple
  3350 | Temple   | Became a worshipper of Makhleb the Destroyer
  3832 | D:5      | Entered Level 5 of the Dungeon
  3964 | D:5      | Found Kuempuff's Antique Weapon Shoppe.
  3985 | D:5      | Reached skill level 9 in Unarmed Combat
  4016 | D:5      | Reached XP level 8. HP: 32/44 MP: 6/8
  4127 | D:5      | Reached skill level 10 in Unarmed Combat
  4209 | D:5      | Reached * piety under Makhleb
  4247 | D:5      | Noticed Edmund
  4266 | D:5      | Killed Edmund
  4516 | D:6      | Reached skill level 11 in Unarmed Combat
  4813 | D:6      | Reached XP level 9. HP: 48/48 MP: 9/9
  4904 | D:6      | Reached ** piety under Makhleb
  5331 | D:7      | Reached skill level 12 in Unarmed Combat
  6034 | D:8      | Reached *** piety under Makhleb
  6034 | D:8      | Reached skill level 13 in Unarmed Combat
  6062 | D:8      | Noticed a two-headed ogre
  6072 | D:8      | Noticed Grum
  6110 | D:7      | Killed a two-headed ogre
  6110 | D:7      | Reached skill level 14 in Unarmed Combat
  6110 | D:7      | Reached XP level 10. HP: 44/53 MP: 5/10
  6321 | D:7      | Killed Grum
  7157 | D:9      | Noticed a two-headed ogre
  7174 | D:9      | Killed a two-headed ogre
  7174 | D:9      | Reached skill level 15 in Unarmed Combat
  7234 | D:9      | Found a staircase to the Lair.
  7299 | D:9      | Found a bloodstained altar of Trog.
  7300 | D:9      | Found an iron altar of Okawaru.
  7421 | D:9      | Found an ancient bone altar of Kikubaaqudgha.
  7422 | D:9      | Found a shadowy altar of Dithmenos.
  7476 | D:9      | Noticed Erolcha
  7484 | D:9      | Killed Erolcha
  7484 | D:9      | Reached XP level 11. HP: 30/57 MP: 4/11
  7681 | D:10     | Entered Level 10 of the Dungeon
  7722 | D:9      | Reached skill level 16 in Unarmed Combat
  7820 | D:10     | Noticed Erica
  7828 | D:10     | Reached **** piety under Makhleb
  7864 | D:10     | Killed Erica
  8136 | D:10     | Identified a scroll of acquirement
  8136 | D:10     | Acquired 580 gold pieces
  8461 | Lair:1   | Entered Level 1 of the Lair of Beasts
  8492 | Lair:1   | Identified the Collected Works on Air and Conjuration
  8840 | Lair:1   | Reached skill level 17 in Unarmed Combat
  8943 | Lair:1   | Reached ***** piety under Makhleb
  9276 | Lair:1   | Reached XP level 12. HP: 62/62 MP: 12/12
  9384 | Lair:1   | Reached skill level 18 in Unarmed Combat
  9662 | Lair:1   | Noticed an eight-headed hydra
  9673 | Lair:1   | Killed an eight-headed hydra
  9887 | Lair:2   | Found a frozen archway.
  9903 | Lair:2   | Noticed a four-headed hydra
  9915 | Lair:2   | Killed a four-headed hydra
  9918 | IceCv    | Entered an ice cave
 10179 | Lair:2   | Reached skill level 19 in Unarmed Combat
 10613 | Lair:2   | Found a staircase to the Swamp.
 11084 | Lair:3   | Reached XP level 13. HP: 66/66 MP: 13/13
 11296 | Lair:3   | Reached ****** piety under Makhleb
 11313 | Lair:3   | Noticed Gastronok
 11369 | Lair:3   | Killed Gastronok
 11369 | Lair:3   | Reached skill level 20 in Unarmed Combat
 11471 | Lair:3   | Found a hole to the Spider Nest.
 12047 | Lair:4   | Noticed Sonja
 12065 | Lair:4   | Killed Sonja
 12333 | Lair:4   | Reached skill level 21 in Unarmed Combat
 12696 | Lair:5   | Found a shimmering blue altar of Sif Muna.
 12723 | Lair:5   | Found a staircase to the Slime Pits.
 12724 | Lair:5   | Found a viscous altar of Jiyva.
 12817 | Lair:5   | Gained mutation: Your large and strong wings let you fly
                  | indefinitely. [Gargoyle growth]
 12817 | Lair:5   | Reached XP level 14. HP: 72/72 MP: 14/14
 13581 | Lair:6   | Entered Level 6 of the Lair of Beasts
 13746 | Lair:6   | Reached skill level 22 in Unarmed Combat
 16006 | D:12     | Found a roughly hewn altar of Beogh.
 16006 | D:12     | Found a staircase to the Orcish Mines.
 16547 | Orc:1    | Entered Level 1 of the Orcish Mines
 16547 | Orc:1    | Found Saul's Gadget Emporium.
 16788 | Orc:1    | Reached XP level 15. HP: 76/76 MP: 15/15
 16901 | Orc:1    | Reached skill level 23 in Unarmed Combat
 16907 | Orc:1    | Noticed Harold
 16925 | Orc:1    | Killed Harold
 17022 | Orc:1    | Found a runed translucent gate.
 17022 | Orc:1    | Found a runed translucent gate.
 17022 | Orc:1    | Found a runed translucent gate.
 17023 | Orc:1    | Noticed SatoMori's ghost (journeyman DECj)
 17038 | Orc:1    | Found an iron altar of Okawaru.
 17259 | Orc:2    | Entered Level 2 of the Orcish Mines
 17316 | Orc:2    | Noticed Saint Roka
 17333 | Orc:2    | Shot with a bolt by Saint Roka

Illustrated notes

Levels and vault maps discovered:
D:1:      grunt_arrival_crossed_arrows, layout_basic,
          hangedman_decor_clover_reticule, interstate_on_off
D:2:      cheibrodos_old_hovel, layout_loops_ring,
          nicolae_overflow_hidden_temple, minmay_misc_feat_diagonals,
          glass_columns_a, wad_floor_pattern_2, minmay_pentomino_v2
D:3:      layout_basic, minmay_fractal_squares_diagonal_5
D:4:      layout_basic, minmay_temple_entry_glassed_door, serial_shops,
          nicolae_shop_crystal
D:5:      layout_loops_ring, serial_shops, shop, chequers_decorated_corner,
          uniq_edmund
D:6:      layout_loops_ring, chequers_jeans, st_stairs_7
D:7:      layout_loops_ring
D:8:      layout_rooms, uniq_grum
D:9:      layout_loops_ring, gammafunk_temple_overflow_statue,
          grunt_temple_overflow_bloody_war, lair_entry_dummy, uniq_erolcha
D:10:     layout_long_grid, uniq_erica
D:11:     layout_irregular_city, minmay_door_square
D:12:     layout_rooms, david_orc_5, wad_dig_loot
Temple:   minmay_crystal_spiral_temple
Lair:1:   layout_loops_ring, special_room [special_room_bee],
          hibernation_bobbens, grunt_megastairs_4
Lair:2:   layout_long_grid, skrybe_swamp_entry_bodies, portal_ice_cave_rime,
          kennysheep_rathole, grunt_megastairs_5, serial_bayou_shore_a,
          minmay_lair_oklob_chamber
Lair:3:   layout_cave_shapes, spider_nest_entry_a,
          cheibrodos_lair_caveside_slide, lemuel_fruit_tree, uniq_gastronok
Lair:4:   layout_roguey [special_room_mythical_zoo], uniq_sonja
Lair:5:   layout_cave_pods, slime_altar_1, basic_altar, minmay_hedge_maze,
          infiniplex_staircase_pool_2, lemuel_fruit_fields
Lair:6:   guppyfry_lair_end_dragon, layout_loops_ring, infiniplex_staircase_pool
Orc:1:    layout_caves, serial_shops, shop_statue,
          gammafunk_ghost_fury_of_okawaru, uniq_harold
Orc:2:    st_orc_open, layout_caves, basic_altar, uniq_saint_roka

Skill      XL: |  1  2  3  4  5  6  7  8  9 10 11 12 13 14 15 |
---------------+----------------------------------------------+-----
Unarmed Combat | 4 5 6 7 9 11 14 15 17 19 21 22 23 | 23.1
Dodging        | 3 |  3.6
Fighting       | |  2.1
Throwing       | |  1.7

Action                   |  1- 3 |  4- 6 |  7- 9 | 10-12 | 13-15 || total
-------------------------+-------+-------+-------+-------+-------++-------
Melee: Unarmed           |   179 |   301 |   401 |   863 |  1014 ||  2758
       Punch             |     1 |    14 |    18 |    53 |    97 ||   183
Throw: Javelin           |       |     4 |       |       |       ||     4
       Throwing net      |       |       |     3 |     3 |       ||     6
       Dart              |       |       |       |     2 |       ||     2
 Abil: Fly               |       |       |       |       |     1 ||     1
Evoke: Wand              |       |       |       |       |    10 ||    10
  Use: Scroll            |     2 |     7 |     5 |    12 |    12 ||    38
       Potion            |       |       |       |     2 |     2 ||     4
 Stab: Held in net/web   |       |       |     2 |     3 |       ||     5
Armor: Ring mail         |    78 |   126 |    54 |       |       ||   258
       Leather armour    |     1 |       |       |       |       ||     1
       Plate armour      |       |       |   170 |   575 |   503 ||  1248
       Acid dragon scale |       |       |     3 |       |       ||     3
       Steam dragon scal |       |       |       |       |    78 ||    78
Dodge: Dodged            |   107 |   158 |   132 |   246 |   267 ||   910
Block: Other             |       |       |       |   118 |   178 ||   296
       Reflection        |       |       |       |     1 |    10 ||    11

Table legend: (Time is in decaauts)
 A = Elapsed time spent in this place.
 B = Non-inter-level travel time spent in this place.
 C = Inter-level travel time spent in this place.
 D = Time resting spent in this place.
 E = Time spent auto-exploring this place.
 F = Levels seen in this place.
 G = Mean time per level.
                   A        B        C        D        E       F      G
               +--------+--------+--------+--------+--------+-----+--------+
         Total |  16509 |  15645 |    864 |   1921 |   9568 |  22 |  750.4 |
       Dungeon |   9534 |   9213 |    321 |   1056 |   5745 |  12 |  794.5 |
        Temple |    171 |     86 |     85 |      0 |     84 |   1 |  171.0 |
          Lair |   6089 |   5676 |    413 |    836 |   3374 |   6 | 1014.8 |
  Orcish Mines |    703 |    658 |     45 |     29 |    365 |   2 |  351.5 |
      Ice Cave |     10 |     10 |      0 |      0 |      0 |   1 |   10.0 |
               +--------+--------+--------+--------+--------+-----+--------+

Top non-repeatable levels by time:
  Lair:2: 1427 daAuts
  Lair:1: 1280 daAuts
     D:3: 1116 daAuts
     D:2: 1112 daAuts
  Lair:5: 1024 daAuts
  Lair:6: 932 daAuts
     D:9: 921 daAuts
     D:7: 852 daAuts
    D:11: 828 daAuts
     D:6: 765 daAuts
     D:1: 755 daAuts
  Lair:4: 745 daAuts
    D:10: 698 daAuts
  Lair:3: 679 daAuts
   Orc:1: 650 daAuts
